 Dungeon Crawl Stone Soup version 0.17.2 (webtiles) character file.

111 Goblin1989 the Cudgeler (level 4, 0/33 HPs)
             Began as a Demonspawn Gladiator on July 16, 2016.
             Was an Initiate of Makhleb.
             Slain by a gnoll
             ... wielding a +0 halberd
              (12 damage)
             ... on level 3 of the Dungeon.
             The game lasted 00:05:51 (1874 turns).

Goblin1989 the Cudgeler (Demonspawn Gladiator)      Turns: 1874, Time: 00:05:51

Health: 0/33       AC:  7    Str: 21    XL:     4   Next: 62%
Magic:  4/4        EV: 12    Int:  9    God:    Makhleb [......]
Gold:   101        SH:  0    Dex: 14    Spells: 0 memorised, 3 levels left

rFire  . . .     SeeInvis +     a - +1 flail
rCold  . . .     Clarity  +     h - +0 ring mail
rNeg   . . .     SustAt   .     (no shield)
rPois  .         Gourm    .     c - +1 helmet
rElec  .         Spirit   .     (no cloak)
rCorr  .         Warding  .     (no gloves)
rMut   .         Stasis   .     (no boots)
MR     .....                    t - amulet of clarity
Stlth  +++.......               (no ring)
                                f - ring of see invisible

@: mighty, not resistant to hostile enchantments, fairly stealthy
A: nightstalker 2, powered by pain 1
a: Renounce Religion


You were on level 3 of the Dungeon.
You worshipped Makhleb.
Makhleb was noncommittal.
You were hungry.

You visited 1 branch of the dungeon, and saw 3 of its levels.

You collected 101 gold pieces.

Inventory:

Hand Weapons
 a - a +1 flail (weapon)
Missiles
 d - 3 throwing nets (quivered)
Armour
 c - a +1 helmet (worn)
 h - a +0 ring mail (worn)
Jewellery
 f - a ring of see invisible (left hand)
 t - an amulet of clarity (around neck)
Scrolls
 g - a scroll of identify
 p - a scroll of amnesia
 s - a scroll of fog
Potions
 j - 5 potions of curing
 q - a potion of magic
 u - a potion of heal wounds
Books
 i - a Necronomicon

   Spells                             Type                      Level
   a - Haunt                          Necromancy/Summoning         7
   b - Borgnjor's Revivification      Necromancy                   8
   c - Death's Door                   Charms/Necromancy            8
   d - Necromutation                  Transmutation/Necromancy     8
Comestibles
 b - a slice of pizza
 e - 2 bread rations


   Skills:
 - Level 2.0 Fighting
 + Level 5.0 Maces & Flails
 - Level 1.7 Throwing
 - Level 2.6 Dodging


You had 3 spell levels left.
You didn't know any spells.

Dungeon Overview and Level Annotations

Branches:
Dungeon (3/15)

Altars:
Makhleb


Innate Abilities, Weirdness & Mutations

You are significantly more attuned to the shadows.
You sometimes gain a little power by taking damage.


Message History

You are too injured to fight recklessly!
You are too injured to fight recklessly!
You are too injured to fight recklessly!
You are too injured to fight recklessly!
You are too injured to fight recklessly!
You are too injured to fight recklessly!
You are too injured to fight recklessly!
You are too injured to fight recklessly!
You are too injured to fight recklessly!
You are too injured to fight recklessly!
You are too injured to fight recklessly!
You are too injured to fight recklessly!
You are too injured to fight recklessly!
You are too injured to fight recklessly!
You are too injured to fight recklessly!
You are too injured to fight recklessly!
You are too injured to fight recklessly!
You barely miss the gnoll.
The gnoll hits you from afar with a halberd!
You die...

...# #### ########
#....... .......######
......# ..#.#.......#
....... #...........#
#.lg..#
##...#####..####.)....
...#.# ##...#.@....#
.###.# ##....#g.### ##
#.# #.#.......# # ##.#
#........... #..#
#..#####.... #.## ...#
..#. #.# .##.#
##.###.##...#
##......##.#


You could see 2 gnolls and a giant gecko.

Vanquished Creatures
  A gnoll (D:3)
  4 adders
  3 oozes (D:1)
  A worm (D:3)
  A giant gecko (D:1)
  4 giant cockroaches
  10 goblins
  6 hobgoblins
  8 bats
  2 giant newts
  5 kobolds
  7 rats
52 creatures vanquished.

Notes
Turn   | Place    | Note
--------------------------------------------------------------
     0 | D:1      | Goblin1989 the Demonspawn Gladiator began the quest for the Orb.
     0 | D:1      | Reached XP level 1. HP: 16/16 MP: 1/1
    14 | D:1      | Reached skill level 3 in Maces & Flails
   137 | D:1      | Gained mutation: You are slightly more attuned to the shadows. [demonic ancestry]
   137 | D:1      | Reached XP level 2. HP: 16/22 MP: 2/2
   704 | D:1      | Gained mutation: You sometimes gain a little power by taking damage. [demonic ancestry]
   704 | D:1      | Reached XP level 3. HP: 23/27 MP: 3/3
  1017 | D:2      | Reached skill level 4 in Maces & Flails
  1570 | D:3      | Gained mutation: You are significantly more attuned to the shadows. [demonic ancestry]
  1570 | D:3      | Reached XP level 4. HP: 24/33 MP: 4/4
  1665 | D:3      | Found a burning altar of Makhleb.
  1671 | D:3      | Became a worshipper of Makhleb the Destroyer
  1873 | D:3      | Reached skill level 5 in Maces & Flails
  1874 | D:3      | Slain by a gnoll

Action                   |  1- 3 |  4- 6 || total
-------------------------+-------+-------++-------
Melee: Flail             |   110 |    35 ||   145
  Use: Scroll            |     4 |     8 ||    12
       Potion            |       |     1 ||     1
 Stab: Sleeping          |     4 |     2 ||     6
  Eat: Pizza             |     1 |       ||     1
       Chunk             |       |     1 ||     1
